TOP OF THE 1ST |
Penquannock Overrated Jeter batting - Pitching for Buffalo LightSabres : RHP Jorge Madrigal
|
Pitching: RHP Jorge Madrigal
|
|
Batting: RHB Aaron Holt
|
0-0: Ball 1-0: Ball 2-0: Ball 3-0: Base on Balls
|
Batting: RHB António Rodríguez
|
0-0: Fly out, F5 (Line Drive, 5S)
|
Batting: RHB Doug Brown
|
0-0: Ball 1-0: Ball 2-0: Swinging Strike 2-1: Foul Ball, location: 2F 2-2: Ball Wild Pitch! Aaron Holt to second 3-2: Base on Balls
|
Batting: RHB José Velásquez
|
0-0: SINGLE (Line Drive, 6D) Aaron Holt to third Doug Brown to second
|
Batting: LHB Pete Weber
|
0-0: Ball 1-0: Ball 2-0: Foul Ball, location: 2F 2-1: Ball 3-1: Base on Balls Aaron Holt scores Doug Brown to third José Velásquez to second
|
Batting: LHB Tony Green
|
0-0: Ball 1-0: SINGLE (Line Drive, 6MD) Doug Brown scores José Velásquez to third Pete Weber to second
|
Batting: RHB Manny Perea
|
0-0: Called Strike 0-1: Swinging Strike 0-2: Ball 1-2: Foul Ball, location: 2F 1-2: Ball 2-2: Strikes out swinging
|
Batting: RHB Armando Pagán
|
0-0: Ball 1-0: Swinging Strike 1-1: GRAND SLAM HOME RUN (Flyball, 8LXD), Distance : 419 ft
|
Batting: LHB Matt Reese
|
0-0: Ball 1-0: Ball 2-0: Swinging Strike 2-1: Ball 3-1: Base on Balls
|
Batting: RHB Aaron Holt
|
0-0: Fielders Choice at 2nd, 4-6 (Groundball, 34)
|
Top of the 1st over - 6 run(s), 3 hit(s), 0 error(s), 0 left on base; Penquannock 6 - Buffalo 0 |
BOTTOM OF THE 1ST |
Buffalo LightSabres batting - Pitching for Penquannock Overrated Jeter : LHP Héctor Díaz
|
Pitching: LHP Héctor Díaz
|
|
Batting: RHB Huub Stolk
|
0-0: Foul Ball, location: 2F 0-1: Foul Ball, location: 2F 0-2: Strikes out swinging
|
Batting: RHB Júlio López
|
0-0: Ball 1-0: Called Strike 1-1: Ball 2-1: Foul Ball, location: 2F 2-2: Ball 3-2: Ground out U3 (Groundball, 34S)
|
Batting: LHB Zack Payton
|
0-0: Reached on error, E3 (Groundball, 34)
|
Batting: SHB Javier Jiménez
|
0-0: Foul Ball, location: 2F 0-1: Called Strike 0-2: Ball 1-2: Ground out 1-3 (Groundball, 13)
|
Bottom of the 1st over - 0 run(s), 0 hit(s), 1 error(s), 1 left on base; Penquannock 6 - Buffalo 0 |
TOP OF THE 2ND |
Penquannock Overrated Jeter batting - Pitching for Buffalo LightSabres : RHP Jorge Madrigal
|
Batting: RHB António Rodríguez
|
0-0: Foul Ball, location: 2F 0-1: Ball 1-1: Ball 2-1: Ball 3-1: Base on Balls
|
Batting: RHB Doug Brown
|
0-0: Called Strike 0-1: Foul Ball, location: 2F 0-2: Grounds into double play, 6-4-3 (Groundball, 56)
|
Batting: RHB José Velásquez
|
0-0: Called Strike 0-1: Ball 1-1: Called Strike 1-2: Ball 2-2: SINGLE (Line Drive, 4M)
|
Batting: LHB Pete Weber
|
0-0: Ball 1-0: Foul Ball, location: 2F 1-1: SINGLE (Groundball, 3D) José Velásquez to second Throwing error, E9 José Velásquez scores Pete Weber to second
|
Pitching: RHP Esteban Muñóz
|
|
Batting: LHB Tony Green
|
0-0: Ground out 6-3 (Groundball, 6)
|
Top of the 2nd over - 1 run(s), 2 hit(s), 1 error(s), 1 left on base; Penquannock 7 - Buffalo 0 |
BOTTOM OF THE 2ND |
Buffalo LightSabres batting - Pitching for Penquannock Overrated Jeter : LHP Héctor Díaz
|
Batting: LHB Rob Davidson
|
0-0: Called Strike 0-1: Ball 1-1: Ball 2-1: Foul Ball, location: 2F 2-2: DOUBLE (Line Drive, 9LM)
|
Batting: RHB Armando Gusmán
|
0-0: Ball 1-0: Called Strike 1-1: Ball 2-1: Swinging Strike 2-2: Strikes out swinging
|
Batting: RHB Mario Solís
|
0-0: Called Strike 0-1: Foul Ball, location: 2F 0-2: Ball 1-2: Fly out, F3 (Popup, 3L)
|
Batting: LHB Emílio Montoya
|
0-0: Ground out 1-3 (Groundball, 13)
|
Bottom of the 2nd over - 0 run(s), 1 hit(s), 0 error(s), 1 left on base; Penquannock 7 - Buffalo 0 |
TOP OF THE 3RD |
Penquannock Overrated Jeter batting - Pitching for Buffalo LightSabres : RHP Esteban Muñóz
|
Batting: RHB Manny Perea
|
0-0: Swinging Strike 0-1: Ball 1-1: Swinging Strike 1-2: Ball 2-2: Strikes out looking
|
Batting: RHB Armando Pagán
|
0-0: Ball 1-0: Swinging Strike 1-1: Ball 2-1: Ball 3-1: Base on Balls
|
Batting: LHB Matt Reese
|
0-0: Ball 1-0: Ball 2-0: Called Strike 2-1: Swinging Strike 2-2: Grounds into double play, 6-4-3 (Groundball, 6)
|
Top of the 3rd over - 0 run(s), 0 hit(s), 0 error(s), 0 left on base; Penquannock 7 - Buffalo 0 |
BOTTOM OF THE 3RD |
Buffalo LightSabres batting - Pitching for Penquannock Overrated Jeter : LHP Héctor Díaz
|
Batting: RHB Merlin Morris
|
0-0: Ball 1-0: Called Strike 1-1: Ball 2-1: DOUBLE (Flyball, 78M)
|
Batting: RHB Huub Stolk
|
0-0: Called Strike 0-1: Fly out, F8 (Flyball, 8RM)
|
Batting: RHB Júlio López
|
0-0: Foul Ball, location: 2F 0-1: Called Strike 0-2: Strikes out swinging
|
Batting: LHB Zack Payton
|
0-0: Foul Ball, location: 2F 0-1: Ball 1-1: SINGLE (Flyball, 7S) Merlin Morris to third Runner from 3rd tries for Home, SAFE, no throw
|
Batting: SHB Javier Jiménez
|
0-0: Ball 1-0: Fly out, F9 (Flyball, 89M)
|
Bottom of the 3rd over - 1 run(s), 2 hit(s), 0 error(s), 1 left on base; Penquannock 7 - Buffalo 1 |
TOP OF THE 4TH |
Penquannock Overrated Jeter batting - Pitching for Buffalo LightSabres : RHP Esteban Muñóz
|
Batting: RHB Aaron Holt
|
0-0: Fly out, F9 (Line Drive, 9LS)
|
Batting: RHB António Rodríguez
|
0-0: Ball 1-0: Foul Ball, location: 2F 1-1: SINGLE (Flyball, 7LS)
|
Batting: RHB Doug Brown
|
0-0: Ball 1-0: SINGLE (Groundball, 56D) António Rodríguez to second
|
Batting: RHB José Velásquez
|
0-0: SINGLE (Line Drive, 89S) António Rodríguez to third Doug Brown to second Runner from 3rd tries for Home, SAFE, throw made home Doug Brown to third José Velásquez to second
|
Batting: LHB Pete Weber
|
0-0: Foul Ball, location: 2F 0-1: Ball 1-1: Ball 2-1: Swinging Strike 2-2: SINGLE (Groundball, 34D) Doug Brown scores José Velásquez to third Throwing error, E9 José Velásquez scores Pete Weber to second
|
Batting: LHB Tony Green
|
0-0: Ball 1-0: Foul Ball, location: 2F 1-1: Ground out 1-3 (Groundball, P) Pete Weber to third
|
Batting: RHB Manny Perea
|
0-0: Called Strike 0-1: Ground out 6-3 (Groundball, 6)
|
Top of the 4th over - 3 run(s), 4 hit(s), 1 error(s), 1 left on base; Penquannock 10 - Buffalo 1 |
BOTTOM OF THE 4TH |
Buffalo LightSabres batting - Pitching for Penquannock Overrated Jeter : LHP Héctor Díaz
|
Batting: LHB Rob Davidson
|
0-0: Foul Ball, location: 2F 0-1: Called Strike 0-2: Ball 1-2: Foul Ball, location: 2F 1-2: Ball 2-2: Ground out 6-3 (Groundball, 6M)
|
Batting: RHB Armando Gusmán
|
0-0: Called Strike 0-1: Called Strike 0-2: Ball 1-2: Ball 2-2: Ball 3-2: Base on Balls
|
Pitching: RHP Javier González
|
|
Batting: RHB Mario Solís
|
0-0: Ball 1-0: Called Strike 1-1: Foul Ball, location: 2F 1-2: Strikes out swinging
|
Batting: LHB Emílio Montoya
|
0-0: Called Strike 0-1: Called Strike 0-2: Foul Ball, location: 2F 0-2: Ball 1-2: Foul Ball, location: 2F 1-2: Strikes out swinging
|
Bottom of the 4th over - 0 run(s), 0 hit(s), 0 error(s), 1 left on base; Penquannock 10 - Buffalo 1 |
TOP OF THE 5TH |
Penquannock Overrated Jeter batting - Pitching for Buffalo LightSabres : RHP Esteban Muñóz
|
Batting: RHB Armando Pagán
|
0-0: SINGLE (Groundball, 6D)
|
Batting: LHB Matt Reese
|
0-0: Called Strike 0-1: Ball Armando Pagán steals 2nd base 1-1: Ball 2-1: Ball Wild Pitch! Armando Pagán to third 3-1: Base on Balls
|
Batting: RHB Aaron Holt
|
0-0: Ball 1-0: Foul Ball, location: 2F 1-1: Ball 2-1: Ball 3-1: Fly out, F9 (Flyball, 9) Runner from 3rd tags up, SCORES, no throw
|
Pitching: RHP Travis Whitney
|
|
Batting: RHB António Rodríguez
|
0-0: Grounds into double play, 6-4-3 (Groundball, 6)
|
Top of the 5th over - 1 run(s), 1 hit(s), 0 error(s), 0 left on base; Penquannock 11 - Buffalo 1 |
BOTTOM OF THE 5TH |
Buffalo LightSabres batting - Pitching for Penquannock Overrated Jeter : RHP Javier González
|
Batting: RHB Merlin Morris
|
0-0: Called Strike 0-1: Ground out 5-3 (Groundball, 56S)
|
Batting: RHB Huub Stolk
|
0-0: Ball 1-0: Foul Ball, location: 2F 1-1: SINGLE (Groundball, 34D)
|
Batting: RHB Júlio López
|
0-0: Called Strike 0-1: Swinging Strike 0-2: Ball 1-2: Foul Ball, location: 2F 1-2: Ball 2-2: Ball 3-2: Base on Balls Huub Stolk to second
|
Batting: LHB Zack Payton
|
0-0: Foul Ball, location: 2F 0-1: Swinging Strike 0-2: Ball 1-2: Foul Ball, location: 2F 1-2: Strikes out swinging
|
Batting: SHB Javier Jiménez
|
0-0: Ball 1-0: Swinging Strike 1-1: Reached on error, E7 (Flyball, 7S) Huub Stolk scores Júlio López to third
|
Batting: LHB Rob Davidson
|
0-0: Ball 1-0: Swinging Strike 1-1: Ball 2-1: Ball 3-1: Base on Balls
|
Batting: RHB Armando Gusmán
|
0-0: Ball 1-0: Swinging Strike 1-1: Hit by Pitch Júlio López scores Javier Jiménez to third Rob Davidson to second
|
Batting: RHB Mario Solís
|
0-0: Ball 1-0: Ball 2-0: Ball 3-0: Base on Balls Javier Jiménez scores Rob Davidson to third Armando Gusmán to second
|
Batting: LHB Emílio Montoya
|
0-0: Ball 1-0: Swinging Strike 1-1: Foul Ball, location: 2F 1-2: Ball 2-2: Strikes out looking
|
Bottom of the 5th over - 3 run(s), 1 hit(s), 1 error(s), 3 left on base; Penquannock 11 - Buffalo 4 |
TOP OF THE 6TH |
Penquannock Overrated Jeter batting - Pitching for Buffalo LightSabres : RHP Travis Whitney
|
Batting: RHB Doug Brown
|
0-0: Fly out, F9 (Flyball, 9LSF)
|
Batting: RHB José Velásquez
|
0-0: Called Strike 0-1: Ball 1-1: Called Strike 1-2: Foul Ball, location: 2F 1-2: Ball 2-2: Ball 3-2: Strikes out swinging
|
Batting: LHB Pete Weber
|
0-0: Ball 1-0: Ground out 6-3 (Groundball, 6)
|
Top of the 6th over - 0 run(s), 0 hit(s), 0 error(s), 0 left on base; Penquannock 11 - Buffalo 4 |
BOTTOM OF THE 6TH |
Buffalo LightSabres batting - Pitching for Penquannock Overrated Jeter : RHP Javier González
|
Pitching: RHP John Kelly
|
|
Batting: RHB Merlin Morris
|
0-0: Swinging Strike 0-1: Swinging Strike 0-2: Strikes out swinging
|
Batting: RHB Huub Stolk
|
0-0: Ball 1-0: Fly out, F8 (Flyball, 8LM)
|
Batting: RHB Júlio López
|
0-0: Ball 1-0: SINGLE (Groundball, 34D)
|
Batting: LHB Zack Payton
|
0-0: Ball 1-0: Called Strike 1-1: Ball Wild Pitch! Júlio López to second 2-1: Ball 3-1: Swinging Strike 3-2: Foul Ball, location: 2F 3-2: Foul Ball, location: 2F 3-2: Foul Ball, location: 2F 3-2: Base on Balls
|
Batting: SHB Javier Jiménez
|
0-0: Ball 1-0: SINGLE (Line Drive, 89S) Júlio López to third Zack Payton to second Runner from 3rd tries for Home, SAFE, no throw
|
Batting: LHB Rob Davidson
|
0-0: Foul Ball, location: 2F 0-1: Called Strike 0-2: Ball 1-2: Strikes out swinging
|
Bottom of the 6th over - 1 run(s), 2 hit(s), 0 error(s), 2 left on base; Penquannock 11 - Buffalo 5 |
TOP OF THE 7TH |
Penquannock Overrated Jeter batting - Pitching for Buffalo LightSabres : RHP Travis Whitney
|
Batting: LHB Tony Green
|
0-0: Called Strike 0-1: Foul Ball, location: 2F 0-2: Foul Ball, location: 2F 0-2: Ball 1-2: SINGLE (Line Drive, 6MD)
|
Batting: RHB Manny Perea
|
0-0: Called Strike Tony Green steals 2nd base 0-1: Ball 1-1: Foul Ball, location: 2F 1-2: Ball 2-2: SINGLE (Groundball, 6MD) Tony Green to third
|
Batting: RHB Armando Pagán
|
0-0: Ball 1-0: Foul Ball, location: 2F 1-1: Foul Ball, location: 2F 1-2: Ball 2-2: Strikes out swinging
|
Batting: LHB Matt Reese
|
0-0: Ball 1-0: Ball 2-0: Ball 3-0: Base on Balls Manny Perea to second
|
Batting: RHB Aaron Holt
|
0-0: Grounds into double play, 6-4-3 (Groundball, 6M)
|
Top of the 7th over - 0 run(s), 2 hit(s), 0 error(s), 2 left on base; Penquannock 11 - Buffalo 5 |
BOTTOM OF THE 7TH |
Buffalo LightSabres batting - Pitching for Penquannock Overrated Jeter : RHP John Kelly
|
Batting: RHB Armando Gusmán
|
0-0: Ball 1-0: Foul Ball, location: 2F 1-1: Swinging Strike 1-2: Strikes out swinging
|
Batting: RHB Mario Solís
|
0-0: Fly out, F4 (Popup, 34D)
|
Batting: LHB Emílio Montoya
|
0-0: Ball 1-0: Called Strike 1-1: Foul Ball, location: 2F 1-2: Ground out 6-3 (Groundball, 6)
|
Bottom of the 7th over - 0 run(s), 0 hit(s), 0 error(s), 0 left on base; Penquannock 11 - Buffalo 5 |
TOP OF THE 8TH |
Penquannock Overrated Jeter batting - Pitching for Buffalo LightSabres : RHP Travis Whitney
|
Batting: RHB António Rodríguez
|
0-0: Ball 1-0: Ball 2-0: Ball 3-0: Called Strike 3-1: Base on Balls
|
Batting: RHB Doug Brown
|
0-0: Swinging Strike 0-1: Swinging Strike 0-2: Ball 1-2: Foul Ball, location: 2F 1-2: Ball 2-2: Foul Ball, location: 2F 2-2: Strikes out swinging
|
Pitching: LHP Tom Workman
|
|
Batting: RHB José Velásquez
|
0-0: Called Strike 0-1: Ball 1-1: Ball 2-1: Ball 3-1: Foul Ball, location: 2F 3-2: Strikes out swinging
|
Batting: LHB Pete Weber
|
0-0: Called Strike 0-1: Ball 1-1: Swinging Strike 1-2: Ball 2-2: Ground out 4-3 (Groundball, 4S)
|
Top of the 8th over - 0 run(s), 0 hit(s), 0 error(s), 1 left on base; Penquannock 11 - Buffalo 5 |
BOTTOM OF THE 8TH |
Buffalo LightSabres batting - Pitching for Penquannock Overrated Jeter : RHP John Kelly
|
Batting: RHB Merlin Morris
|
0-0: Called Strike 0-1: Ball 1-1: Ball 2-1: Ball 3-1: Foul Ball, location: 2F 3-2: Strikes out swinging
|
Batting: RHB Huub Stolk
|
0-0: Fly out, F8 (Flyball, 8RS)
|
Batting: RHB Júlio López
|
0-0: Ball 1-0: Foul Ball, location: 2F 1-1: Ball 2-1: DOUBLE (Line Drive, 7LS)
|
Batting: LHB Zack Payton
|
0-0: Fly out, F6 (Line Drive, 6M)
|
Bottom of the 8th over - 0 run(s), 1 hit(s), 0 error(s), 1 left on base; Penquannock 11 - Buffalo 5 |
TOP OF THE 9TH |
Penquannock Overrated Jeter batting - Pitching for Buffalo LightSabres : LHP Tom Workman
|
Pitching: RHP Gavin Robbins
|
|
Batting: LHB Tony Green
|
0-0: DOUBLE (Flyball, 8RD)
|
Batting: RHB Manny Perea
|
0-0: Ball 1-0: Ball 2-0: Swinging Strike 2-1: Foul Ball, location: 2F 2-2: Ball 3-2: Base on Balls
|
Batting: RHB Armando Pagán
|
0-0: Called Strike 0-1: 3-RUN HOME RUN (Flyball, 7D), Distance : 391 ft
|
Batting: LHB Matt Reese
|
0-0: Foul Ball, location: 2F 0-1: SINGLE (Line Drive, 56)
|
Batting: RHB Aaron Holt
|
0-0: Ball 1-0: Ball 2-0: Ball 3-0: Foul Ball, location: 2F 3-1: Called Strike 3-2: Foul Ball, location: 2F 3-2: Foul Ball, location: 2F 3-2: Foul Ball, location: 2F 3-2: Base on Balls Matt Reese to second
|
Batting: RHB António Rodríguez
|
0-0: Foul Ball, location: 2F 0-1: DOUBLE (Groundball, 5L) Matt Reese scores Aaron Holt to third
|
Batting: RHB Doug Brown
|
0-0: Ball 1-0: Ground out 5-3 (Groundball, 56) Aaron Holt scores
|
Batting: RHB José Velásquez
|
0-0: Ball 1-0: Ball 2-0: Called Strike 2-1: Foul Ball, location: 2F 2-2: Ball 3-2: Foul Ball, location: 2F 3-2: Strikes out swinging
|
Batting: LHB Pete Weber
|
0-0: Ball 1-0: Ball 2-0: Swinging Strike 2-1: Ball 3-1: SINGLE (Groundball, 4MD) António Rodríguez to third Runner from 3rd tries for Home, SAFE, no throw
|
Batting: LHB Tony Green
|
0-0: Ball 1-0: Foul Ball, location: 2F 1-1: Ball 2-1: Fielders Choice at 2nd, 5-4 (Groundball, 5)
|
Top of the 9th over - 6 run(s), 5 hit(s), 0 error(s), 0 left on base; Penquannock 17 - Buffalo 5 |
BOTTOM OF THE 9TH |
Buffalo LightSabres batting - Pitching for Penquannock Overrated Jeter : RHP John Kelly
|
Pitching: RHP Richard Edwards
|
|
Batting: SHB Javier Jiménez
|
0-0: Ball 1-0: Foul Ball, location: 2F 1-1: SINGLE (Line Drive, 56)
|
Batting: LHB Rob Davidson
|
0-0: Fly out, F8 (Flyball, 8LXD)
|
Batting: RHB Armando Gusmán
|
0-0: Foul Ball, location: 2F 0-1: Swinging Strike 0-2: Strikes out swinging
|
Batting: RHB Mario Solís
|
0-0: Fielders Choice at 2nd, 4-6 (Groundball, 4)
|
Bottom of the 9th over - 0 run(s), 1 hit(s), 0 error(s), 0 left on base; Penquannock 17 - Buffalo 5 |
|